 Dungeon Crawl Stone Soup version 0.31.0-32-g396128a36d (webtiles) character file.

Game seed: 12267830165871390431

84704 PaiMei the Black Sun (level 15, -5/118 HPs)
             Began as a Demonspawn Necromancer on Mar 14, 2024.
             Was a High Priest of Kikubaaqudgha.
             Slain by a skeletal warrior
             ... wielding a +0 trident
              (18 damage)
             ... on level 14 of the Dungeon.
             The game lasted 01:10:02 (35051 turns).

PaiMei the Black Sun (Demonspawn Necromancer)      Turns: 35051, Time: 01:10:03

Health: -5/118     AC: 20    Str: 15    XL:     15   Next: 35%
Magic:  32/32      EV: 16    Int: 28    God:    Kikubaaqudgha [*****.]
Gold:   1375       SH:  4    Dex: 14    Spells: 14/40 levels left

rFire   . . .        B - +8 falchion "Tauny" {freeze, Str+6 SInv}
rCold   . . .        T - +0 buckler
rNeg    . . .        Q - +0 troll leather armour
rPois   .            R - +1 hat
rElec   .            (cloak unavailable)
rCorr   .            j - +0 pair of gloves
SInv    +            q - +0 pair of boots
Will    +....        a - amulet of magic regeneration
Stlth   ++           m - +4 ring of protection
HPRegen 1.19/turn    Y - +6 ring of intelligence
MPRegen 0.63/turn

%: no passive effects
@: about to teleport, sanguine armoured
A: foul stench 2, sanguine armour 2, weakness stinger 3
a: Renounce Religion, Unearth Wretches, Torment


You were on level 14 of the Dungeon.
You worshipped Kikubaaqudgha.
Kikubaaqudgha was extremely pleased with you.
You visited 3 branches of the dungeon, and saw 21 of its levels.
You also visited: Ossuary and Ice Cave.

You collected 1531 gold pieces.
You spent 156 gold pieces at shops.

Inventory:

Hand Weapons
 B - the +8 falchion "Tauny" (weapon) {freeze, Str+6 SInv}
   (You found it on level 4 of the Dungeon)

   Str+6:     It affects your strength (+6).
   SInv:      It lets you see invisible.
Missiles
 v - a throwing net
 G - 5 curare-tipped darts
Armour
 j - a +0 pair of gloves (worn)
 q - a +0 pair of boots (worn)
 x - an orb of energy
 Q - a +0 troll leather armour (worn)
 R - a +1 hat (worn)
 T - a +0 buckler (worn)
Magical Staves
 t - a staff of death
Jewellery
 a - an amulet of magic regeneration (around neck)
 h - the brooch of Shielding {Spirit SH+8}
   (You found it on level 5 of the Lair of Beasts)

   [amulet of guardian spirit]

   Spirit:    It causes incoming damage to be divided between your reserves of
   health and magic.
   SH+8:      It affects your SH (+8).
 k - the amulet "Lyasiadu" {Acrobat rN+ Stlth+}
   (You found it on level 13 of the Dungeon)

   [amulet of the acrobat]

   Acrobat:   It increases your evasion while moving and waiting.
   rN+:       It protects you from negative energy.
   Stlth+:    It makes you more stealthy.
 m - a +4 ring of protection (left hand)
 n - a ring of flight
 w - a ring of protection from fire
 L - a ring of willpower
 V - a ring of protection from fire
 Y - a +6 ring of intelligence (right hand)
Wands
 r - a wand of quicksilver (23)
 C - a wand of polymorph (11)
 J - a wand of flame (32)
 K - a wand of roots (34)
 P - a wand of mindburst (10)
 U - a wand of paralysis (6)
Scrolls
 e - 5 scrolls of enchant armour
 f - a scroll of blinking {unknown}
 i - 6 scrolls of vulnerability
 l - 3 scrolls of amnesia
 o - 2 scrolls of fear {unknown}
 u - 2 scrolls of revelation
 y - 2 scrolls of noise {unknown}
 D - 3 scrolls of immolation
 H - a scroll of summoning {unknown}
 I - 3 scrolls of poison {unknown}
 N - 3 scrolls of enchant weapon {unknown}
 S - 4 scrolls of teleportation
 X - a scroll of fog {unknown}
Potions
 b - 2 potions of magic
 c - 5 potions of haste
 d - a potion of lignification (quivered)
 g - 3 potions of enlightenment
 p - a potion of resistance {unknown}
 s - 10 potions of curing
 z - 5 potions of cancellation
 A - 2 potions of berserk rage {unknown}
 E - 3 potions of attraction
 F - a potion of heal wounds
 W - 3 potions of brilliance
Miscellaneous
 M - a phantom mirror
 O - a sack of spiders
 Z - a phial of floods


   Skills:
 - Level 11.0 Fighting
 + Level 8.0 Long Blades
 - Level 5.3 Armour
 - Level 10.5 Dodging
 - Level 2.8 Stealth
 - Level 2.0 Shields
 + Level 13.1 Spellcasting
 - Level 15.0 Necromancy
 + Level 5.1 Earth Magic
 + Level 4.7 Evocations


You had 14 spell levels left.
You knew the following spells:

 Your Spells              Type           Power      Damage    Failure   Level
a - Necrotise             Necr           100%       1d9       0%          1
b - Vampiric Draining     Necr           80%        2d11      1%          3
c - Animate Dead          Necr           80%        N/A       1%          4
d - Curse of Agony        Necr           80%        N/A       1%          5
e - Borgnjor's Vile Clut  Necr/Erth      32%        N/A       1%          5
f - Anguish               Hex/Necr       28%        N/A       2%          4
g - Martyr's Knell        Necr/Summ      57%        N/A       2%          4

Your spell library contained the following spells:

 Spells                   Type           Power      Damage    Failure   Level
 Sublimation of Blood     Necr           80%        N/A       0%          2
 Cigotuvi's Dreadful Rot  Necr/Alch/Air  92%        N/A       1%          2
 Dispel Undead            Necr           80%        3d26      1%          4
 Death Channel            Necr           40%        N/A       1%          6
 Magic Dart               Conj           72%        1d6       4%          1
 Blink                    Tloc           36%        N/A       7%          2
 Call Imp                 Summ           36%        N/A       7%          2
 Lesser Beckoning         Tloc           36%        N/A       7%          2
 Mercury Vapours          Alch/Air       36%        N/A       7%          2
 Momentum Strike          Conj/Tloc      36%        3d9       7%          2
 Searing Ray              Conj           36%        2d5       7%          2
 Static Discharge         Conj/Air       36%        3-5/arc   7%          2
 Call Canine Familiar     Summ           18%        N/A       14%         3
 Inner Flame              Hex/Fire       18%        N/A       14%         3
 Mephitic Cloud           Conj/Alch/Air  18%        N/A       14%         3
 Sigil of Binding         Hex            18%        N/A       14%         3
 Brom's Barrelling Bould  Conj/Erth      32%        2d5       16%         4
 Leda's Liquefaction      Alch/Erth      16%        N/A       16%         4
 Petrify                  Alch/Erth      32%        N/A       16%         4
 Airstrike                Air            9%         2d(2-18)  43%         4
 Dimensional Bullseye     Hex/Tloc       9%         N/A       43%         4
 Flame Wave               Conj/Fire      18%        2d7       43%         4
 Fulminant Prism          Conj/Alch      9%         3d7       43%         4
 Ignite Poison            Fire/Alch      18%        N/A       43%         4
 Passage of Golubria      Tloc           18%        N/A       43%         4
 Sticky Flame             Fire/Alch      18%        2d6       43%         4
 Summon Blazeheart Golem  Fire/Summ      18%        N/A       43%         4
 Summon Lightning Spire   Summ/Air       18%        N/A       43%         4
 Alistair's Intoxication  Alch           12%        N/A       78%         5
 Fireball                 Conj/Fire      9%         3d6       78%         5
 Freezing Cloud           Conj/Ice/Air   9%         6-21      78%         5
 Irradiate                Conj/Alch      9%         3d14      78%         5
 Iskenderun's Battlesphe  Conj           18%        2d7       78%         5
 Silence                  Hex/Air        9%         N/A       78%         5
 Bombard                  Conj/Erth      16%        9d3       94%         6
 Conjure Ball Lightning   Conj/Air       9%         3x3d6     100%        6
 Eringya's Noxious Bog    Alch           9%         4d6       100%        6
 Orb of Destruction       Conj           9%         9d6       100%        7
 Spellforged Servitor     Conj/Summ      9%         N/A       100%        7
 Ignition                 Fire           9%         3d5       100%        8
 Lehudib's Crystal Spear  Conj/Erth      16%        10d5      100%        8


Dungeon Overview and Level Annotations

Branches:
Dungeon (15/15)            Temple (1/1) D:6            Lair (5/5) D:9
 Shoals (0/4) Lair:2        Snake (0/4) Lair:2        Slime (0/5) Lair:4
    Orc (0/2) D:9          Vaults (0/5) D:14        Ossuary (visited)
  IceCv (visited)
 Depths: D:15

Altars:
Ashenzari
Cheibriados
Dithmenos
Fedhas
Gozag
Hepliaklqana
Kikubaaqudgha
Makhleb
Nemelex Xobeh
Okawaru
Qazlal
Ru
Sif Muna
Trog
Uskayaw
Vehumet
Wu Jian
Yredelemnul

Shops:
D:4 *

Annotations:
D:8 Amaemon
D:13 Jorgrun
Lair:5 exclusion: obsidian statue


Innate Abilities, Weirdness & Mutations

You sometimes emit foul miasma when damaged in melee.
When seriously injured, your blood forms thick armour. (AC +9)
You have a sharp stinger which inflicts weakening toxins.


Message History

The skeletal warrior completely misses you.
A swamp drake comes into view.
The skeletal warrior barely misses you.
The centaur warrior shouts!
The centaur warrior shoots an arrow.
The arrow completely misses you.
The centaur warrior shoots an arrow.
The arrow hits you!
Your blood congeals into armour.
You block the skeletal warrior's attack.
The centaur warrior shoots an arrow.
The arrow hits you! The skeletal warrior misses you.
You block the skeletal warrior's attack.
There is a stone staircase leading up, spattered with blood here.
You can't go down here!
The centaur warrior shoots an arrow.
The arrow hits you. The skeletal warrior barely misses you.
The skeletal warrior closely misses you.
The skeletal warrior hits you with a +0 battleaxe!!
The centaur warrior shoots an arrow.
The arrow hits you.
You climb upwards.
There is a stone staircase leading down here.
You hit the skeletal warrior but do no damage.
You tail-slap the skeletal warrior, but do no damage.
The skeletal warrior hits you with a +0 mace.
You emit a cloud of foul miasma!
The skeletal warrior closely misses you.
The skeletal warrior hits you with a +0 battleaxe!
* * * LOW HITPOINT WARNING * * *
As you read the scroll of teleportation, it crumbles to dust.
You feel strangely unstable.
The skeletal warrior hits you with a +0 mace!!
* * * LOW HITPOINT WARNING * * *
The skeletal warrior hits you but does no damage.
The skeletal warrior hits you with a +0 battleaxe!
* * * LOW HITPOINT WARNING * * *
You feel much better.
The skeletal warrior hits you with a +0 mace!
* * * LOW HITPOINT WARNING * * *
The skeletal warrior hits you from afar with a +0 trident!!
You die...
Kikubaaqudgha rasps: "You have failed me!
Welcome... death!"

#.#....................).........
#.#.###.[...#######..####.#......
#.#..###..#....#####......#......
#.#....#..####...# #####.........
#.#.......# ###.######..#.......
..#.......## #....^#..##.......
###........### #####.............
.............########..###......#
...............z@zz##.## ####.##.
..........#..#####....# #.#..
......<....#...#####..### #...#
.....##.....##..####....#####..##
.........#..........#.#...##..###
....####.#......###...###........
.................####............
....####.###.....................
....# #..###....###.............


You could see 3 skeletal warriors.

Vanquished Creatures
  Gastronok (D:10)
  A dire elephant (Lair:5)
  Josephine (D:13)
  3 hydras
  2 boulder beetles
  Fannar (Lair:2)
  3 catoblepae
  Erica (D:8)
  An ogre mage (D:11)
  A death knight (D:12)
  9 death yaks
  A two-headed ogre (D:12)
  4 centaur warriors
  4 tengu warriors
  A spectral anaconda (Lair:5)
  A spectral death yak (Lair:5)
  A skeletal warrior (D:15)
  A deep troll (D:14)
  3 necromancers (Lair:5)
  4 lindwurms (Lair:5)
  3 deep elf pyromancers
  2 phantasmal warriors
  A wolf spider (D:11)
  5 manticores
  11 ugly things
  A salamander (Lair:2)
  Maurice (D:8)
  3 cyclopes
  10 elephants
  A dire elephant zombie (Lair:5)
  An orange demon (D:8)
  An unseen horror (shapeshifter) (D:14)
  12 cane toads
  A dire elephant skeleton (Lair:5)
  Maggie (Lair:2)
  8 komodo dragons
  2 torpor snails
  2 kobold demonologists (D:13)
  A tengu conjurer (D:15)
  A rime drake (D:9)
  A freezing wraith (D:12)
  6 trolls
  A queen bee (shapeshifter) (D:14)
  A hornet (D:8)
  A merfolk (Lair:2)
  19 blink frogs
  5 polar bears
  A spectral elephant (Lair:5)
  10 slime creatures
  2 shadows (D:11)
  34 yaks
  2 wyverns
  4 wraiths
  Eustachio (D:4)
  5 basilisks
  A steam dragon (D:8)
  3 acid dragons
  2 nagas (Lair:2)
  7 water moccasins
  6 orc warriors
  3 ice beasts
  3 black bears
  A laughing skull (D:11)
  2 ogres (D:5)
  19 centaurs
  5 elephant skeletons (Lair:5)
  8 wolves
  7 kobold brigands
  13 bullfrogs
  A gnoll sergeant (D:10)
  A scorpion (D:4)
  3 wights
  8 killer bees
  2 electric eels (D:12)
  4 howler monkeys
  A vampire bat (D:9)
  2 centaur zombies (Ossuary)
  2 human zombies (Ossuary)
  7 hounds
  4 bombardier beetles
  2 jellies
  4 orc priests
  Ijyb (D:4)
  A sleepcap (D:8)
  2 iguanas
  18 orc wizards
  4 hell rats (Lair:3)
  8 hound zombies (Ossuary)
  2 mummies (Ossuary)
  Robin (D:2)
  19 gnolls
  12 adders
  2 shadow imps (D:6)
  2 ufetubi (D:6)
  5 adder zombies (Ossuary)
  2 dart slugs
  3 ribbon worms
  41 orcs
  A bat (D:1)
  2 bat skeletons (D:9)
  5 bat zombies (D:9)
  8 endoplasms
  A giant cockroach (D:2)
  8 gnoll zombies (Ossuary)
  17 goblins
  11 hobgoblins
  3 jackals (D:4)
  5 quokkas
  4 ball pythons
  7 frilled lizards
  4 jackal zombies (Ossuary)
  22 kobolds
  4 kobold zombies (Ossuary)
  4 orc zombies (Ossuary)
  2 rats
  A butterfly (D:6)
558 creatures vanquished.

Vanquished Creatures (collateral kills)
  4 hydras
  8 elephants
  A dire elephant zombie (Lair:5)
  A slime creature (D:15)
  3 cane toads
  2 rime drakes
  A kobold demonologist (D:11)
  A komodo dragon (Lair:1)
  11 blink frogs
  A spectral elephant (Lair:5)
  A wyvern (Lair:2)
  A basilisk (Lair:3)
  4 yaks
  A spectral cane toad (Lair:5)
  2 death yak simulacra (Lair:5)
  5 water moccasins
  A black bear (Lair:2)
  2 centaurs (D:15)
  A wolf (Lair:4)
  An elephant skeleton (Lair:5)
  2 bullfrogs (Lair:1)
  2 scorpions
  A killer bee (D:11)
  A hell rat (Lair:3)
  A shadow imp (D:6)
  2 endoplasms (D:1)
  2 goblins
  A butterfly (D:6)
64 creatures vanquished.

Vanquished Creatures (others)
  A centaur zombie (D:11)
  A death yak zombie (Lair:5)
  2 hydra zombies (Lair:5)
  4 slime creature zombies
  2 cane toad zombies
  6 elephant zombies
  2 komodo dragon zombies
  2 water moccasin zombies
  A troll zombie (D:11)
  A kobold zombie (D:11)
  A killer bee zombie (D:11)
  An iguana zombie (D:6)
  An orc (D:8)
25 creatures vanquished.

Grand Total: 647 creatures vanquished

Notes
Turn   | Place    | Note
-------+----------+-------------------------------------------
     0 | D:1      | PaiMei the Demonspawn Necromancer began the quest for the
                  | Orb.
     0 | D:1      | Reached XP level 1. HP: 13/13 MP: 3/3
   205 | D:1      | Gained mutation: You may rarely emit foul miasma when
                  | damaged in melee. [demonic ancestry]
   205 | D:1      | Reached XP level 2. HP: 19/19 MP: 1/5
   836 | D:2      | Reached XP level 3. HP: 24/24 MP: 1/6
   840 | D:2      | Learned a level 3 spell: Vampiric Draining
  1315 | D:2      | Noticed Robin
  1391 | D:2      | Killed Robin
  1394 | D:2      | Reached XP level 4. HP: 15/30 MP: 0/7
  1689 | D:2      | Reached skill level 5 in Necromancy
  2735 | D:3      | Found a broken altar of Ashenzari.
  2740 | D:3      | You fall into a shaft and drop 1 floor!
  2928 | D:3      | Reached XP level 5. HP: 36/36 MP: 2/9
  3532 | D:3      | Found a snail-covered altar of Cheibriados.
  3611 | D:4      | Noticed Ijyb
  3618 | D:3      | Reached skill level 1 in Fighting
  3820 | D:4      | Gained mutation: You sometimes emit foul miasma when
                  | damaged in melee. [demonic ancestry]
  3820 | D:4      | Reached XP level 6. HP: 44/44 MP: 3/11
  3892 | D:4      | Found an opulent altar of Gozag.
  3955 | D:4      | Identified the +8 falchion "Tauny" {freeze, Str+6 SInv}
  4069 | D:4      | Noticed Eustachio
  4102 | D:4      | Killed Ijyb
  4302 | D:4      | Found a shimmering blue altar of Sif Muna.
  4574 | D:4      | Found Aphaopag's General Store.
  4578 | D:4      | Bought a scroll of teleportation for 36 gold pieces
  4578 | D:4      | Bought 2 potions of heal wounds for 120 gold pieces
  4711 | D:4      | Killed Eustachio
  4712 | D:4      | Reached skill level 6 in Necromancy
  4712 | D:4      | Gained mutation: When seriously injured, your blood forms
                  | armour. (AC +9) [demonic ancestry]
  4712 | D:4      | Reached XP level 7. HP: 51/51 MP: 5/13
  4851 | D:5      | Entered Level 5 of the Dungeon
  5508 | D:5      | Gained mutation: When seriously injured, your blood forms
                  | thick armour. (AC +9) [demonic ancestry]
  5508 | D:5      | Reached XP level 8. HP: 59/59 MP: 1/14
  5773 | D:5      | Reached skill level 7 in Necromancy
  5999 | D:5      | Learned a level 4 spell: Animate Dead
  6009 | D:6      | Reached skill level 5 in Spellcasting
  6085 | D:6      | Reached skill level 5 in Dodging
  6771 | D:6      | Found a staircase to the Ecumenical Temple.
  6942 | Temple   | Entered the Ecumenical Temple
  7066 | D:7      | Reached skill level 5 in Fighting
  7089 | D:7      | Found a sand-covered staircase.
  7160 | Ossuary  | Entered an ossuary
  7238 | Ossuary  | Reached XP level 9. HP: 68/68 MP: 17/17
  7352 | Ossuary  | Reached skill level 8 in Necromancy
  8516 | D:8      | Noticed Erica
  8762 | D:8      | Reached skill level 9 in Necromancy
  9255 | D:8      | Noticed Maurice
  9664 | D:8      | Maurice stole a ring of willpower
  9674 | D:8      | Killed Maurice
  9675 | D:8      | Reached XP level 10. HP: 49/77 MP: 2/20
  9740 | D:8      | Noticed an orange demon
  9801 | D:8      | Noticed Amaemon
 10439 | D:8      | HP: 2/79 [Erica/+2 scimitar of flaming (2)]
 10452 | D:8      | Killed Erica
 11202 | D:8      | Reached skill level 10 in Necromancy
 11320 | D:8      | Killed an orange demon
 11322 | D:8      | HP: 4/80 [poisoned by an orange demon]
 11326 | D:8      | HP: 1/80 [poisoned by an orange demon]
 11778 | D:8      | Learned a level 5 spell: Curse of Agony
 11920 | D:9      | Found a shadowy altar of Dithmenos.
 12228 | D:9      | Found an ancient bone altar of Kikubaaqudgha.
 12251 | D:9      | Became a worshipper of Kikubaaqudgha
 12397 | D:9      | Gained mutation: You have a small tail. [demonic ancestry]
 12397 | D:9      | Reached XP level 11. HP: 86/86 MP: 16/23
 12569 | D:9      | Found a staircase to the Orcish Mines.
 12583 | D:9      | Reached * piety under Kikubaaqudgha
 12583 | D:9      | Received a gift from Kikubaaqudgha
 12694 | D:9      | Found a staircase to the Lair.
 13104 | D:10     | Entered Level 10 of the Dungeon
 13139 | D:10     | Noticed Gastronok
 13798 | D:10     | Killed Gastronok
 13938 | D:10     | Reached skill level 11 in Necromancy
 14199 | D:10     | Noticed a deep elf pyromancer
 14210 | D:10     | Killed a deep elf pyromancer
 14311 | Lair:1   | Entered Level 1 of the Lair of Beasts
 14311 | Lair:1   | Noticed a death yak
 14311 | Lair:1   | Noticed a death yak
 14311 | Lair:1   | Noticed a death yak
 14311 | Lair:1   | Noticed a death yak
 14311 | Lair:1   | Noticed a catoblepas
 14715 | D:9      | Killed a death yak
 14850 | Lair:1   | Killed a catoblepas
 14953 | Lair:1   | Reached ** piety under Kikubaaqudgha
 15507 | Lair:1   | Reached XP level 12. HP: 84/96 MP: 21/25
 16333 | Lair:2   | Noticed Fannar
 16344 | Lair:2   | Killed Fannar
 16351 | Lair:2   | Reached skill level 12 in Necromancy
 16577 | Lair:2   | Reached skill level 10 in Fighting
 16992 | Lair:2   | Reached *** piety under Kikubaaqudgha
 16992 | Lair:2   | Received a gift from Kikubaaqudgha
 16997 | Lair:2   | Noticed Maggie
 17005 | Lair:2   | Killed Maggie
 17693 | Lair:2   | Reached skill level 10 in Spellcasting
 18083 | Lair:2   | Reached skill level 10 in Dodging
 18751 | Lair:2   | Found a staircase to the Snake Pit.
 18934 | Lair:2   | Found a staircase to the Shoals.
 18951 | Lair:2   | Learned a level 5 spell: Borgnjor's Vile Clutch
 18956 | Lair:2   | Learned a level 4 spell: Anguish
 18961 | Lair:2   | Learned a level 4 spell: Martyr's Knell
 19644 | Lair:3   | Reached XP level 13. HP: 34/103 MP: 3/27
 19713 | Lair:3   | Reached skill level 13 in Necromancy
 19821 | Lair:3   | Reached **** piety under Kikubaaqudgha
 20469 | Lair:3   | Reached skill level 1 in Long Blades
 20469 | Lair:3   | Reached skill level 1 in Armour
 20588 | Lair:3   | Identified the +2 mace of the Teaching Weasel {freeze, rN+
                  | Int+3}
 22508 | Lair:4   | Found a staircase to the Slime Pits.
 23347 | Lair:5   | Entered Level 5 of the Lair of Beasts
 23491 | Lair:5   | Reached skill level 14 in Necromancy
 23731 | Lair:5   | Noticed a dire elephant
 23775 | Lair:5   | Found the brooch of Shielding {Spirit SH+8}
 24085 | Lair:5   | Gained mutation: You have a tail ending in a sharp stinger.
                  | [demonic ancestry]
 24085 | Lair:5   | Reached XP level 14. HP: 71/111 MP: 20/29
 24096 | Lair:5   | Reached ***** piety under Kikubaaqudgha
 24163 | Lair:5   | Reached skill level 5 in Long Blades
 24475 | Lair:5   | Reached skill level 5 in Armour
 25126 | Lair:5   | Reached skill level 1 in Shields
 26815 | D:11     | Reached skill level 1 in Earth Magic
 26845 | D:11     | Found a frozen archway.
 26852 | IceCv    | Entered an ice cave
 28273 | D:12     | Reached skill level 15 in Necromancy
 28701 | D:12     | Reached skill level 1 in Evocations
 30104 | D:13     | Noticed Josephine
 30530 | D:13     | Identified the amulet "Lyasiadu" {Acrobat rN+ Stlth+}
 30919 | D:13     | Noticed Jorgrun
 31540 | D:14     | Gained mutation: You have a sharp stinger which inflicts
                  | weakening toxins. [demonic ancestry]
 31540 | D:14     | Reached XP level 15. HP: 108/118 MP: 31/31
 32272 | D:13     | Identified the +1 dagger of Grontol {elec, Str+2}
 32285 | D:13     | Killed Josephine
 32397 | D:13     | HP: 4/110 [phantasmal warrior (10)]
 32828 | D:14     | Found a gate to the Vaults.
 32872 | D:15     | Entered Level 15 of the Dungeon
 33244 | D:15     | Got Faishoy's Experienced Hermeneutics
 34370 | D:15     | Reached skill level 5 in Earth Magic
 35050 | D:14     | HP: 2/118 [skeletal warrior/+0 battleaxe (8)]
 35051 | D:14     | Slain by a skeletal warrior

Illustrated notes

Levels and vault maps discovered:
D:1:      minmay_arrival_three_doors, layout_basic
D:2:      layout_loops_ring, basic_altar, uniq_robin
D:3:      layout_basic, cheibriados_altar_1, ashenzari_altar_1, tso_metal_star
D:4:      layout_loops_cross, old_standard_altar, tgw_sif,
          mainiacjoe_overflow_alcove_4, serial_shops,
          nicolae_shop_just_a_little_nook, minmay_tree_intersection,
          uniq_eustachio, uniq_ijyb
D:5:      layout_basic, kennysheep_cluttered_room, small_statue_intersection
D:6:      layout_loops_ring, minmay_temple_entry_butterflies,
          minmay_misc_feat_iff, dreamdust_gnoll_farm
D:7:      layout_loops_ring, serial_rivers, chequers_serial_rivers_micro_b,
          chequers_serial_rivers_micro_a, chequers_serial_rivers_large_b,
          chequers_serial_rivers_micro_a, chequers_serial_rivers_small_a,
          chequers_serial_rivers_room_b, enter_ossuary_2
D:8:      layout_rooms, grunt_ministairs_15, grunt_decor_cap, uniq_amaemon,
          uniq_maurice, uniq_erica
D:9:      layout_long_grid, nicolae_overflow_hidden_temple,
          kennysheep_vampire_church, grunt_dithmenos_smoke,
          hellmonk_lair_entry_icy, david_orc_4
D:10:     layout_roguey, guppyfry_early_elven_hall, uniq_gastronok
D:11:     minmay_the_grid_triangle_9x9_rhombus_full_mashed
          [minmay_the_grid_triangle_9x9_wacky_v,
          minmay_the_grid_triangle_9x9_steps,
          minmay_the_grid_triangle_9x9_corruption,
          minmay_the_grid_triangle_9x9_sprig,
          minmay_the_grid_triangle_9x9_from_above,
          minmay_the_grid_triangle_9x9_longest,
          minmay_the_grid_triangle_9x9_descending_squares,
          minmay_the_grid_triangle_9x9_prize_top_heavy], layout_small_grid,
          portal_ice_cave_entry_pillars_2, minmay_misc_feat_tiny
D:12:     layout_basic, disabler_island
D:13:     layout_roguey, uniq_jorgrun, uniq_josephine, uniq_sonja
D:14:     layout_rooms, david_vaults_4, hangedman_decor_lopped
D:15:     grunt_enter_depths_magical_seal, layout_basic, nrook_campfire
Temple:   nicolae_temple_ecumenical_triangle
Lair:1:   layout_cave_pods, grunt_megastairs_2
Lair:2:   layout_hall_layers, elwin_shoals_entry_rooms,
          alex1729_snake_entry_snake, beast_lair_carwin_4, uniq_fannar,
          uniq_maggie
Lair:3:   layout_roguey, nicolae_lair_lil_pond, cheibrodos_lair_lostbears,
          grunt_megastairs_1
Lair:4:   layout_layer_cave, slime_entry_1
Lair:5:   due_jungle_book, layout_loops_ring, minmay_lindwurm_lava

Skill      XL: |  1  2  3  4  5  6  7  8  9 10 11 12 13 14 15 |
---------------+----------------------------------------------+-----
Dodging        | 2 3 4 5 6 8 9 10 | 10.5
Stealth        | 2 |  2.8
Necromancy     | 5 6 7 9 10 11 12 14 15 | 15.0
Spellcasting   | 3 4 5 7 8 9 10 11 12 13 | 13.1
Fighting       | 1 2 3 5 6 8 9 10 11 | 11.0
Long Blades    | 4 7 8 |  8.0
Armour         | 4 5 |  5.3
Shields        | 2 |  2.0
Earth Magic    | 3 5 |  5.1
Evocations     | 3 4 |  4.7

Action                     |  1- 3 |  4- 6 |  7- 9 | 10-12 | 13-15 || total
---------------------------+-------+-------+-------+-------+-------++-------
  Melee: Spear             |    27 |     6 |       |       |       ||    33
         Dagger            |       |    18 |       |       |       ||    18
         Punch             |       |     2 |     6 |     4 |       ||    12
         Falchion          |       |    12 |   300 |   354 |   700 ||  1366
         Tailslap          |       |       |       |    61 |   192 ||   253
   Cast: Necrotise         |    54 |    94 |    40 |    68 |    57 ||   313
         Vampiric Draining |       |    12 |    76 |   234 |   217 ||   539
         Animate Dead      |       |       |     1 |     5 |    17 ||    23
         Curse of Agony    |       |       |       |     3 |    45 ||    48
         Borgnjor's Vile C |       |       |       |       |    71 ||    71
    Use: Potion            |       |       |     1 |     4 |     5 ||    10
         Scroll            |       |       |       |     1 |    14 ||    15
   Stab: Distracted        |       |       |     1 |       |     6 ||     7
         Sleeping          |       |       |       |       |     3 ||     3
 Armour: Robe              |    28 |    50 |   369 |    54 |       ||   501
         Leather armour    |       |       |       |   208 |       ||   208
         Troll leather arm |       |       |       |   417 |  1010 ||  1427
         Skin              |       |       |       |       |    25 ||    25
  Dodge: Dodged            |    34 |    48 |   499 |   640 |   863 ||  2084
  Block: Buckler           |       |       |       |    69 |   255 ||   324
